Map: Éphémèrion EC

Players

defer

  • Race: Protoss Protoss
  • League: Silver
  • Spawn Location: 5:00

IA (très facile) - Winner!

  • Race: Protoss Protoss
  • Spawn Location: 11:00

VOD

Have the link to the VOD?

Description

Time

  • Played on: Jan. 18, 2020, 8:41 a.m.
  • Length: 6:50
Show
View Real Time Build Order
Export as new Build Order

defer Protoss 

Build Orders:  

Get SALT Encoding   

  12  0:01  Probe  
  13  0:13  Probe  
  14  0:22  Pylon  
  14  0:25  Probe  
  15  0:40  Probe (Chrono Boost)  
  15  0:41  Gateway  
  16  0:52  Probe (Chrono Boost), Assimilator  
  17  0:58  Probe (Chrono Boost)  
  17  1:03  Assimilator  
  18  1:06  Probe  
  19  1:13  Gateway  
  19  1:18  Probe  
  20  1:28  Cybernetics Core  
  20  1:30  Probe  
  21  1:40  Pylon  
  21  1:42  Probe  
  22  1:55  Probe  
  23  2:03  Stalker (Chrono Boost)  
  23  2:04  Stalker (Chrono Boost)  
  23  2:07  Probe, Warp Gate  
  28  2:13  Pylon  
  28  2:19  Probe  
  29  2:24  Stalker  
  31  2:31  Stalker  
  31  2:32  Probe  
  34  2:44  Pylon, Probe  
  35  2:56  Probe  
  35  2:57  Stalker  
  38  3:02  Stalker  
  40  3:08  Probe  
  40  3:11  Pylon  
  41  3:20  Probe  
  42  3:27  Stalker  
  42  3:32  Probe, Stalker  
  47  3:44  Probe  
  48  3:56  Probe  
  48  3:57  Stalker  
  48  4:01  Stalker  
  53  4:09  Probe  
  54  4:18  Nexus  
  54  4:21  Probe  
  55  4:29  Pylon  
  55  4:40  Pylon  
  55  4:47  Probe  
  56  4:58  Stalker x2  
  56  4:59  Probe (Chrono Boost)  
  61  5:09  Probe (Chrono Boost)  
  62  5:14  Probe (Chrono Boost)  
  63  5:21  Stalker x2  
  63  5:23  Pylon  
  63  5:26  Pylon, Probe (Chrono Boost)  
  68  5:33  Probe (Chrono Boost)  
  70  5:37  Probe (Chrono Boost)  
  70  5:40  Pylon, Probe (Chrono Boost)  
  71  5:42  Probe (Chrono Boost)  
  71  5:48  Probe (Chrono Boost)  
  73  5:52  Probe (Chrono Boost)  
  74  6:02  Probe (Chrono Boost)  
  74  6:03  Probe (Chrono Boost)  
  76  6:07  Probe (Chrono Boost)  
  76  6:10  Probe, Assimilator  
  78  6:12  Assimilator  
  78  6:18  Probe  
  78  6:22  Probe, Stalker x2  
  84  6:30  Probe  
  85  6:34  Probe  
  86  6:44  Pylon  
Show
View Real Time Build Order
Export as new Build Order

IA (très facile) Protoss - Winner!

Build Orders:  

Get SALT Encoding   

  12  0:00  Probe  
  13  0:13  Probe  
  14  0:20  Pylon  
  14  0:37  Assimilator  
  14  0:42  Gateway  
  14  0:46  Pylon  
  14  1:13  Assimilator  
  14  1:17  Probe  
  14  1:25  Probe  
  16  1:33  Probe  
  16  1:34  Cybernetics Core  
  17  1:44  Probe  
  18  1:55  Probe  
  18  2:01  Warp Gate  
  19  2:04  Probe  
  20  2:11  Stalker  
  22  5:34  Zealot  
  24  5:36  Probe, Pylon  
  24  5:39  Robotics Facility  
  25  5:44  Probe  
  26  5:52  Probe  
  25  6:02  Probe  
  25  6:09  Pylon  
  26  6:14  Probe  
  27  6:26  Zealot  
  27  6:31  Pylon  
  26  6:38  Pylon  
Tags
 
League
Silver
Matchup
PvP
Spawn Locations
Cross Positions
Add a new tag
Caveats
  • Supply blocks, unpowered buildings, or Contaminate may cause inaccurate times.
  • Supply counts are checked every 10 seconds.